[Event "Titled Tuesday Blitz February 21 Early 2023"]
[White "Sokolovsky, Yahli"]
[Black "Heinemann, Josefine"]
[WhiteFideId "2820242"]
[BlackFideId "12900460"]
[WhiteElo "2461"]
[BlackElo "2289"]
[Result "1-0"]
[Round "03"]
[TimeControl "180+2"]
[Date "2023.02.21"]
[WhiteClock "0:00:14"]
[BlackClock "0:00:02"]

1. b3 e5 2. e3 d5 3. Bb2 Bd6 4. c4 c6 5. Nf3 Qe7 6. cxd5 cxd5 7. Nc3 Nf6 8. Nb5 Nc6 9. Nxd6+ Qxd6 10. Bb5 Nd7 11. O-O O-O 12. Qc1 Re8 13. Qc3 a6 14. Bxc6 bxc6 15. d4 e4 16. Ne5 Nxe5 17. dxe5 Qg6 18. f4 exf3 19. Rxf3 Be6 20. Raf1 Rac8 21. Qc5 Qd3 22. Qa7 c5 23. Kh1 Rf8 24. Ba3 Qb5 25. Rc1 Rfd8 26. Rxc5 Rxc5 27. Qxc5 Qe2 28. h3 Qxa2 29. Qe7 Rc8 30. Rg3 Qa1+ 31. Kh2 Qxe5 32. Bd6 Qe4 33. Qf6 g6 34. Be5 Kf8 35. Bd6+ Kg8 36. Rf3 h6 37. Be5 Kf8 38. Qxe6 Qxf3 39. Qd6+ Kg8 40. gxf3 1-0


[Site "https://www.chess.com"]

[Event "Titled Tuesday Blitz February 21 Early 2023"]
[White "Ozkan, Ervin"]
[Black "Grot, Blazej"]
[WhiteFideId "6306004"]
[BlackFideId "21835845"]
[WhiteElo "2179"]
[BlackElo "1990"]
[Result "0-1"]
[Round "03"]
[TimeControl "180+2"]
[Date "2023.02.21"]
[WhiteClock "0:00:10"]
[BlackClock "0:00:37"]

1. d4 Nf6 2. Bf4 e6 3. e3 d5 4. Nd2 c5 5. c3 Bd6 6. Bb5+ Nc6 7. Bxc6+ bxc6 8. Bxd6 Qxd6 9. Qa4 cxd4 10. cxd4 Bd7 11. Ngf3 O-O 12. O-O Rfb8 13. Nb3 Ne4 14. Rfc1 c5 15. Qa3 cxd4 16. Qxd6 Nxd6 17. exd4 Bb5 18. Nc5 Be2 19. b3 Bxf3 20. gxf3 Nf5 21. Na6 Rb6 22. Nc7 Rab8 23. Rc5 Nxd4 24. Kg2 h6 25. Rac1 R8b7 26. Ne8 Ra6 27. Rc8 Kh7 28. R1c7 Rxc7 29. Rxc7 Kg6 30. h4 h5 31. Kg3 Nf5+ 32. Kh3 Rxa2 33. b4 Rxf2 0-1


[Site "https://www.chess.com"]

[Event "Titled Tuesday Blitz February 21 Early 2023"]
[White "Csonka, Balazs"]
[Black "Poeta, Caio Medeiros"]
[WhiteFideId "742910"]
[BlackFideId "2142660"]
[WhiteElo "2496"]
[BlackElo "2088"]
[Result "1-0"]
[Round "03"]
[TimeControl "180+2"]
[Date "2023.02.21"]
[WhiteClock "0:00:06"]
[BlackClock "0:00:30"]

1. e4 c6 2. Nf3 d5 3. d3 Bg4 4. h3 Bxf3 5. Qxf3 e6 6. g3 g6 7. e5 c5 8. Qe2 Nc6 9. Bg2 Bg7 10. f4 Rc8 11. O-O Nge7 12. c4 O-O 13. Nc3 Nf5 14. Kh2 Nfd4 15. Qf2 dxc4 16. dxc4 f6 17. exf6 Qxf6 18. Be3 e5 19. Rae1 exf4 20. Bxf4 Kh8 21. Ne4 Qd8 22. Qd2 b6 23. Bg5 Qd7 24. Nf6 Bxf6 25. Rxf6 h5 26. Bxc6 Rxc6 27. Rxf8+ Kh7 28. Rf2 Rc8 29. Qe3 Rc7 30. Qe8 Qg7 31. Re7 Rxe7 32. Qxe7 Nf5 33. Qxg7+ Kxg7 34. Rxf5 gxf5 35. Kg2 Kf7 36. h4 Ke6 37. Kf3 Ke5 38. Ke3 f4+ 39. Bxf4+ Kf5 40. Bb8 1-0


[Site "https://www.chess.com"]

[Event "Titled Tuesday Blitz February 21 Early 2023"]
[White "Real_taiatai"]
[Black "Iskusnyh, Sergei"]
[BlackFideId "4120027"]
[WhiteElo "2442"]
[BlackElo "2440"]
[Result "0-1"]
[Round "03"]
[TimeControl "180+2"]
[Date "2023.02.21"]
[WhiteClock "0:00:07"]
[BlackClock "0:00:29"]

1. d4 d5 2. c4 c6 3. cxd5 cxd5 4. Nc3 Nf6 5. Nf3 Nc6 6. Bf4 a6 7. e3 Bg4 8. Be2 e6 9. O-O Be7 10. Qb3 Bxf3 11. Bxf3 Na5 12. Qc2 Rc8 13. Rac1 O-O 14. Be2 Ne4 15. f3 Nxc3 16. bxc3 Nc4 17. Bd3 g6 18. Qe2 Bd6 19. Bh6 Qh4 20. Bf4 Bxf4 21. exf4 Qxf4 22. g3 Qd6 23. f4 Rc7 24. Rf3 Rfc8 25. g4 Qa3 26. Rc2 Nd6 27. f5 exf5 28. gxf5 Rxc3 29. fxg6 hxg6 30. Rxc3 Rxc3 31. Rh3 Ne4 32. Bxe4 Rxh3 33. Bxd5 Qe3+ 34. Qxe3 Rxe3 35. Bxb7 a5 36. d5 Kf8 37. Bc6 Ke7 38. a4 Kd6 39. Kf2 Rd3 40. Be8 Rxd5 41. Kg3 Ke7 42. Bc6 Rd4 43. h3 f5 44. Kf3 Kf6 45. Bb5 g5 46. Kg3 Ke5 47. Kf3 Rb4 48. Bc6 Rb3+ 49. Kg2 Kf4 50. Kh2 Rb2+ 51. Kh1 Kg3 52. Bd7 Rb1# 0-1


[Site "https://www.chess.com"]

[Event "Titled Tuesday Blitz February 21 Early 2023"]
[White "Averjanov, Alexey"]
[Black "Gatterer, Florian"]
[WhiteFideId "14109867"]
[BlackFideId "811688"]
[WhiteElo "2399"]
[BlackElo "2170"]
[Result "1/2-1/2"]
[Round "03"]
[TimeControl "180+2"]
[Date "2023.02.21"]
[WhiteClock "0:00:19"]
[BlackClock "0:00:09"]

1. d4 d5 2. c4 c6 3. e3 Nf6 4. Bd3 Bg4 5. Nd2 Bxd1 6. Kxd1 e6 7. Ngf3 Nbd7 8. Ke2 Bd6 9. b3 O-O 10. Bb2 Re8 11. Rhd1 e5 12. dxe5 Nxe5 13. Bc2 Nxf3 14. Nxf3 Qe7 15. a4 a5 16. Kf1 dxc4 17. bxc4 Rad8 18. Rd4 Bc5 19. Rh4 g6 20. Rf4 Nh5 21. Rh4 f5 22. Bxf5 Ng7 23. Bc2 Rf8 24. Re4 Qc7 25. Be5 Qc8 26. Bf4 Rxf4 27. Rxf4 Rf8 28. Re4 Rxf3 29. gxf3 Nf5 30. Rb1 b6 31. Rd1 Bf8 32. Ke2 b5 33. cxb5 cxb5 34. Bb3+ Kg7 35. axb5 Qc3 36. Rd7+ Kh6 37. Be6 Bb4 38. Kf1 Kg5 39. Rxh7 Qe1+ 40. Kg2 Nxe3+ 41. Rxe3 Qd2 42. h4+ Kf6 1/2-1/2


[Site "https://www.chess.com"]

[Event "Titled Tuesday Blitz February 21 Early 2023"]
[White "Zacurdajev, Dmitry"]
[Black "Aydincelebi, Kagan"]
[WhiteFideId "4196309"]
[BlackFideId "6361102"]
[WhiteElo "2273"]
[BlackElo "2280"]
[Result "0-1"]
[Round "03"]
[TimeControl "180+2"]
[Date "2023.02.21"]
[WhiteClock "0:01:32"]
[BlackClock "0:02:18"]

1. d4 Nf6 2. c4 e6 3. Nc3 c5 4. d5 exd5 5. cxd5 d6 6. Nf3 g6 7. Bf4 a6 8. a4 Bg7 9. h3 O-O 10. e3 Qe7 11. Be2 Nbd7 12. O-O Rb8 13. a5 b5 14. axb6 Rxb6 15. Nd2 Ne8 16. Nc4 Rb4 17. Ra4 Ne5 18. Bxe5 Bxe5 19. Nxe5 Qxe5 20. Rxb4 cxb4 21. Na4 Nf6 22. Bf3 Bd7 23. b3 Rc8 24. Qd3 Bb5 25. Qd2 Bxf1 26. Kxf1 Qa1+ 27. Ke2 Qb1 0-1


[Site "https://www.chess.com"]

[Event "Titled Tuesday Blitz February 21 Early 2023"]
[White "Wahedi, Ahmad Siar"]
[Black "Melikyan, Gnel"]
[WhiteFideId "4651260"]
[BlackFideId "54109990"]
[WhiteElo "2274"]
[BlackElo "2238"]
[Result "0-1"]
[Round "03"]
[TimeControl "180+2"]
[Date "2023.02.21"]
[WhiteClock "0:00:23"]
[BlackClock "0:00:12"]

1. e4 Na6 2. d4 c5 3. Nf3 cxd4 4. Nxd4 Nc5 5. Nc3 d6 6. f3 g6 7. Be3 Bg7 8. Nde2 Qb6 9. Qc1 Nf6 10. g3 O-O 11. Bg2 Be6 12. O-O Bc4 13. Re1 Rac8 14. Na4 Qc7 15. Nxc5 dxc5 16. c3 Rfd8 17. Nf4 b6 18. Qc2 Rd7 19. Rad1 Rcd8 20. Rxd7 Qxd7 21. b3 Ba6 22. c4 e6 23. Bf1 Bb7 24. Be2 g5 25. Ng2 g4 26. Rd1 Qe8 27. Rxd8 Qxd8 28. Bg5 Qd4+ 29. Be3 Qa1+ 30. Kf2 gxf3 31. Bxf3 Qe5 32. Bf4 Nxe4+ 33. Bxe4 Qxe4 34. Qxe4 Bxe4 35. Bb8 Bd4+ 36. Ne3 a6 37. Ke2 Bb1 38. a3 Ba2 39. Ba7 b5 40. cxb5 axb5 41. a4 b4 42. Nc2 Bg1 43. Ne3 Bxb3 44. Bxc5 Bxa4 45. Bxb4 Bc6 46. h4 h5 47. Bd6 Kh7 48. Bf4 Kg6 49. Nc4 f6 50. Be3 Bb5 51. Bxg1 Bxc4+ 52. Ke3 Kf5 53. Kf3 Bd5+ 54. Ke3 Kg4 55. Bf2 Kh3 56. Be1 Kg2 57. Kf4 Bb3 58. Bc3 e5+ 59. Kf5 Kxg3 60. Kxf6 e4 61. Kg5 Bd1 62. Bd2 Bg4 63. Bc1 Kf3 64. Kf6 e3 65. Ke5 e2 66. Bd2 Kf2 67. Kf4 e1=Q 68. Bxe1+ Kxe1 69. Kg3 Kf1 70. Kh2 Kf2 71. Kh1 Kg3 72. Kg1 Bf3 73. Kf1 Kxh4 74. Kg1 Kg3 75. Kf1 h4 76. Kg1 h3 77. Kf1 Bg2+ 0-1


[Site "https://www.chess.com"]

[Event "Titled Tuesday Blitz February 21 Early 2023"]
[White "Ouakhir, Pierre Mehdi"]
[Black "Spata, German"]
[WhiteFideId "9000437"]
[BlackFideId "113026"]
[WhiteElo "2212"]
[BlackElo "2383"]
[Result "1-0"]
[Round "03"]
[TimeControl "180+2"]
[Date "2023.02.21"]
[WhiteClock "0:00:14"]
[BlackClock "0:00:27"]

1. d4 e6 2. c4 Nf6 3. Nc3 d5 4. cxd5 exd5 5. Bg5 Be7 6. Qc2 c6 7. e3 O-O 8. Bd3 h6 9. Bxf6 Bxf6 10. Nf3 Re8 11. O-O Bg4 12. Nd2 Nd7 13. b4 Be7 14. b5 Bd6 15. bxc6 bxc6 16. Rfc1 Qh4 17. Nf1 Nf6 18. Na4 Bd7 19. Bf5 Rec8 20. Bxd7 Nxd7 21. Rab1 Qd8 22. Ng3 Nb6 23. Nc5 Nc4 24. Nb7 Qc7 25. Nxd6 Qxd6 26. Rb3 g6 27. Qc3 Rab8 28. Rcb1 a5 29. h4 h5 30. Ne4 Qd8 31. Ng5 a4 32. Rb7 Rxb7 33. Rxb7 Rc7 34. Qb4 Rxb7 35. Qxb7 Qf6 36. Qa8+ Kg7 37. Qxa4 Qd6 38. Qa7 Qf6 39. a4 Qf5 40. Qb7 Nd2 41. a5 1-0


[Site "https://www.chess.com"]

[Event "Titled Tuesday Blitz February 21 Early 2023"]
[White "Souleidis, Georgios"]
[Black "Matko, Ognjen"]
[WhiteFideId "4206827"]
[BlackFideId "14509717"]
[WhiteElo "2419"]
[BlackElo "2295"]
[Result "1-0"]
[Round "03"]
[TimeControl "180+2"]
[Date "2023.02.21"]
[WhiteClock "0:00:37"]
[BlackClock "0:00:07"]

1. e4 e5 2. Nc3 Nf6 3. d4 exd4 4. Qxd4 Nc6 5. Qd3 Bb4 6. Bd2 O-O 7. O-O-O d6 8. Qg3 Re8 9. f3 Be6 10. h4 Nh5 11. Qh2 g6 12. g4 Ng7 13. h5 f6 14. h6 Nh5 15. gxh5 g5 16. Bh3 Bf7 17. Bf5 Kh8 18. Nge2 Ne5 19. Qg2 Rg8 20. Nd5 a5 21. a3 Bxd2+ 22. Rxd2 c6 23. Ne3 b5 24. Rhd1 Qb6 25. Qf2 Nc4 26. Rd3 b4 27. a4 b3 28. Rxb3 Qc5 29. Ng4 Qxf2 30. Nxf2 Rab8 31. Rxb8 Rxb8 32. b3 Ne3 33. Rxd6 Nxf5 34. exf5 Bd5 35. Ne4 Bxe4 36. fxe4 1-0


[Site "https://www.chess.com"]

[Event "Titled Tuesday Blitz February 21 Early 2023"]
[White "Arabidze, Meri"]
[Black "Rengifo Blancas, Renzo Jhonathan"]
[WhiteFideId "13604040"]
[BlackFideId "3807185"]
[WhiteElo "2441"]
[BlackElo "2131"]
[Result "0-1"]
[Round "03"]
[TimeControl "180+2"]
[Date "2023.02.21"]
[WhiteClock "0:00:03"]
[BlackClock "0:00:28"]

1. Nf3 Nf6 2. g3 d5 3. Bg2 g6 4. O-O Bg7 5. d4 O-O 6. c4 c6 7. cxd5 cxd5 8. Nc3 Nc6 9. Ne5 Bd7 10. e3 e6 11. Nd3 Rc8 12. b3 Nxd4 13. exd4 Rxc3 14. Bb2 Rc8 15. Nc5 b6 16. Nd3 Bb5 17. Re1 Nd7 18. a4 Ba6 19. Ne5 Re8 20. b4 Nxe5 21. dxe5 Bc4 22. Bd4 Qd7 23. a5 b5 24. Bc5 a6 25. Bd6 Bf8 26. Bxf8 Rxf8 27. Qd4 Qe7 28. Qb6 Ra8 29. Rab1 Rfb8 30. Qd4 Rc8 31. h4 Ba2 32. Rb2 Bc4 33. Rbb1 Rc6 34. h5 Rac8 35. h6 Qg5 36. Qf4 Qxf4 37. gxf4 Bd3 38. Rbd1 Bf5 39. Bf1 Rc2 40. Ra1 R8c3 41. Re3 Rc8 42. Ree1 Kf8 43. Red1 Ke7 44. Rdb1 Kd7 45. Rb3 R2c3 46. Rxc3 Rxc3 47. Rd1 Rb3 48. Rd4 Rb1 49. Kg2 Bh3+ 50. Kxh3 Rxf1 51. Kg2 Rb1 52. Kf3 Rb3+ 53. Kg4 Rb2 54. Kg5 Ke7 55. Rd3 Rc2 56. f3 Rg2+ 57. Kh4 Rc2 58. Kg5 Rc4 59. Rd2 Rxb4 60. Rc2 Rc4 61. Rb2 d4 62. Rd2 b4 63. f5 exf5 64. f4 b3 65. Rb2 Rc3 66. Rd2 d3 67. Rd1 b2 0-1


[Site "https://www.chess.com"]

[Event "Titled Tuesday Blitz February 21 Early 2023"]
[White "Volkov, Maksim"]
[Black "Rottenwohrer Suarez, Juan"]
[WhiteFideId "54123070"]
[BlackFideId "32068182"]
[WhiteElo "2258"]
[BlackElo "2265"]
[Result "0-1"]
[Round "03"]
[TimeControl "180+2"]
[Date "2023.02.21"]
[WhiteClock "0:00:13"]
[BlackClock "0:00:15"]

1. e4 c5 2. Nf3 g6 3. d4 cxd4 4. Nxd4 Nc6 5. c4 Nf6 6. Nc3 d6 7. Be2 Nxd4 8. Qxd4 Bg7 9. O-O O-O 10. Qd3 a5 11. Be3 a4 12. f3 Qa5 13. Bd4 Be6 14. Rfc1 Rfc8 15. Nd5 Bxd5 16. exd5 Nd7 17. Bxg7 Kxg7 18. Kh1 Qb6 19. Qc3+ Kg8 20. f4 Qf2 21. Bg4 Rc7 22. Rf1 Qh4 23. Bxd7 Rxd7 24. Rae1 Rc7 25. Qb4 Qf6 26. Re4 Rac8 27. h3 Qf5 28. Rfe1 Qf6 29. R1e2 Ra8 30. Qb6 Rac8 31. Qb4 Ra8 32. Kh2 Kg7 33. Qe1 a3 34. b3 b5 35. Rxe7 Qxf4+ 36. Qg3 Qxg3+ 37. Kxg3 Rxe7 38. Rxe7 bxc4 39. bxc4 Rc8 40. Ra7 Rxc4 41. Rxa3 Rc5 42. Rd3 Kf6 43. Kf4 Rc4+ 44. Kf3 Ke5 0-1


[Site "https://www.chess.com"]

[Event "Titled Tuesday Blitz February 21 Early 2023"]
[White "Bon, Michael"]
[Black "Skliarov, Viktor"]
[WhiteFideId "620696"]
[BlackFideId "14106736"]
[WhiteElo "2394"]
[BlackElo "2383"]
[Result "1/2-1/2"]
[Round "03"]
[TimeControl "180+2"]
[Date "2023.02.21"]
[WhiteClock "0:00:08"]
[BlackClock "0:00:04"]

1. e4 c5 2. Nf3 Nc6 3. d4 cxd4 4. Nxd4 Nf6 5. Nc3 e5 6. Ndb5 d6 7. Bg5 a6 8. Na3 b5 9. Bxf6 gxf6 10. Nd5 f5 11. c3 Bg7 12. exf5 Bxf5 13. Nc2 O-O 14. Nce3 Be6 15. Bd3 f5 16. O-O e4 17. Nf4 Bf7 18. Bc2 Be5 19. Nfd5 Qh4 20. g3 Qg5 21. f4 exf3 22. Qxf3 Bh5 23. Qg2 Bg6 24. Nf4 Ne7 25. Rae1 Qf6 26. Ng4 Qh8 27. Bb3+ Bf7 28. Nh6+ Kg7 29. Nxf7 Rxf7 30. Bxf7 Kxf7 31. Nd3 Bf6 32. Qb7 Qc8 33. Qxc8 Rxc8 34. a3 a5 35. Re2 a4 36. Rd1 Rd8 37. Nf4 Be5 38. Nd5 Nxd5 39. Rxd5 Rb8 40. Kg2 Ke6 41. Rd1 Rg8 42. Kf3 h5 43. Red2 Rg4 44. Rd5 h4 45. gxh4 Rxh4 46. R1d2 Rh3+ 47. Ke2 Rxh2+ 48. Kd1 Rxd2+ 49. Rxd2 d5 50. Rg2 d4 51. Kc2 dxc3 52. bxc3 Kd5 53. Kd3 Bd6 54. Ra2 f4 55. Ra1 Bc5 56. Rf1 Ke5 57. Re1+ Kd5 58. Rf1 Ke5 59. Re1+ Kd5 60. Rf1 1/2-1/2


[Site "https://www.chess.com"]

[Event "Titled Tuesday Blitz February 21 Early 2023"]
[White "Sargissyan, Sargis"]
[Black "Goroshkov, Maksym"]
[WhiteFideId "13303210"]
[BlackFideId "14142716"]
[WhiteElo "2234"]
[BlackElo "2287"]
[Result "0-1"]
[Round "03"]
[TimeControl "180+2"]
[Date "2023.02.21"]
[WhiteClock "0:00:13"]
[BlackClock "0:00:25"]

1. e4 c5 2. Nf3 d6 3. d4 cxd4 4. Nxd4 g6 5. Nc3 Bg7 6. Bd2 Bxd4 7. h4 h5 8. Be2 Nc6 9. Nd5 Nf6 10. c3 Bb6 11. Nxf6+ exf6 12. O-O O-O 13. Bxh5 f5 14. Bf3 Ne5 15. Bg5 Qc7 16. Bf6 Re8 17. exf5 Bxf5 18. Bd5 Ng4 19. Bg5 Nxf2 20. Rxf2 Qc5 21. Qf3 Qxf2+ 22. Qxf2 Bxf2+ 23. Kxf2 Be4 24. Bb3 d5 25. Rd1 Re5 26. Bf4 Rf5 27. Kg3 Bxg2 28. Kxg2 Rxf4 29. Rxd5 a5 30. a4 Re8 31. Rd7 b6 32. Kg3 Rf6 33. Bc4 Re3+ 34. Kg4 Re4+ 35. Kg5 Rf5+ 0-1


[Site "https://www.chess.com"]

[Event "Titled Tuesday Blitz February 21 Early 2023"]
[White "Ozates, Tuna"]
[Black "Martic, Ivan"]
[WhiteFideId "6354521"]
[BlackFideId "929301"]
[WhiteElo "2251"]
[BlackElo "2301"]
[Result "0-1"]
[Round "03"]
[TimeControl "180+2"]
[Date "2023.02.21"]
[WhiteClock "0:00:14"]
[BlackClock "0:01:26"]

1. e4 d6 2. d4 Nf6 3. Nc3 e5 4. Nge2 c6 5. a4 a5 6. g3 Nbd7 7. Bg2 Be7 8. O-O O-O 9. h3 Re8 10. f4 exd4 11. Nxd4 Bf8 12. Re1 Nc5 13. g4 Qb6 14. g5 Nfd7 15. Kh2 g6 16. h4 Bg7 17. Rb1 Nf8 18. Be3 Qc7 19. Kg1 Bd7 20. h5 Rad8 21. f5 Be5 22. hxg6 hxg6 23. f6 Nfe6 24. Qg4 Nxd4 25. Qh4 Nce6 26. Kf2 Nxg5 27. Bxg5 Qb6 28. Be3 Re6 29. Rh1 Rxf6+ 30. Ke1 Nxc2+ 31. Kd2 Qxe3+ 32. Kxc2 Rf2+ 33. Kb3 Be6+ 34. Ka3 Qc5+ 0-1


[Site "https://www.chess.com"]

[Event "Titled Tuesday Blitz February 21 Early 2023"]
[White "Stijve, Theo"]
[Black "Jovic, Stanoje"]
[WhiteFideId "1331132"]
[BlackFideId "905020"]
[WhiteElo "2351"]
[BlackElo "2075"]
[Result "1-0"]
[Round "03"]
[TimeControl "180+2"]
[Date "2023.02.21"]
[WhiteClock "0:00:16"]
[BlackClock "0:00:12"]

1. e4 c6 2. d4 d5 3. e5 c5 4. dxc5 e6 5. a3 Bxc5 6. b4 Bb6 7. Bb2 Ne7 8. Nf3 Nbc6 9. Bd3 Ng6 10. O-O O-O 11. Nbd2 f6 12. c4 Ngxe5 13. Nxe5 Nxe5 14. Bxe5 fxe5 15. Qh5 g6 16. Bxg6 hxg6 17. Qxg6+ Kh8 18. c5 Bc7 19. Rae1 Qe8 20. Qh6+ Kg8 21. Qg5+ Kh7 22. Re3 Qg6 23. Rh3+ Kg7 24. Qe7+ Rf7 25. Qe8 Rf8 26. Qe7+ Rf7 27. Qh4 Kf8 28. Nf3 Ke8 29. Rg3 Qf6 30. Ng5 Rg7 31. Qh8+ Kd7 32. Nh7 Rxg3 33. Nxf6+ Kc6 34. Qe8+ 1-0


[Site "https://www.chess.com"]

[Event "Titled Tuesday Blitz February 21 Early 2023"]
[White "Al-Tarboush, Ward"]
[Black "Goncalves, Davi Sulzbacher"]
[WhiteFideId "7601450"]
[BlackFideId "2154510"]
[WhiteElo "2256"]
[BlackElo "2282"]
[Result "1-0"]
[Round "03"]
[TimeControl "180+2"]
[Date "2023.02.21"]
[WhiteClock "0:02:00"]
[BlackClock "0:00:05"]

1. e4 c5 2. Nf3 d6 3. d4 cxd4 4. Nxd4 Nf6 5. Nc3 a6 6. h3 h5 7. Bg5 Nbd7 8. Bc4 Qc7 9. Bb3 e6 10. Qe2 b5 11. O-O-O b4 12. Nd5 Qb7 13. Rhe1 Be7 14. Nxe7 Kxe7 15. Nf5+ exf5 16. exf5+ Ne5 17. Rxd6 Qb5 18. Bc4 Qc5 19. Rd5 Qxd5 20. Bxd5 Kd6 21. Qxe5+ 1-0


[Site "https://www.chess.com"]

[Event "Titled Tuesday Blitz February 21 Early 2023"]
[White "QuiesPrecatio"]
[Black "Andreev, Eduard"]
[BlackFideId "14103400"]
[WhiteElo "2417"]
[BlackElo "2413"]
[Result "1-0"]
[Round "03"]
[TimeControl "180+2"]
[Date "2023.02.21"]
[WhiteClock "0:00:14"]
[BlackClock "0:00:04"]

1. c4 c5 2. g3 g6 3. Bg2 Bg7 4. Nc3 Nc6 5. e4 Nf6 6. Nge2 O-O 7. d3 d6 8. O-O e5 9. Bg5 h6 10. Bd2 Kh7 11. Rb1 a5 12. f4 Rb8 13. f5 Nd4 14. Nxd4 cxd4 15. fxg6+ fxg6 16. Nb5 Bg4 17. Bf3 Bh3 18. Rf2 b6 19. Qe2 Qe7 20. b4 axb4 21. Bxb4 Rbd8 22. a4 h5 23. Bg2 Bg4 24. Qe1 Bh6 25. Bd2 Bxd2 26. Qxd2 Nd7 27. Nc7 Be6 28. Rbf1 Rxf2 29. Qxf2 Nc5 30. Nxe6 Qxe6 31. Qc2 Ra8 32. Ra1 Kg7 33. Bf1 Qd7 34. Qb2 Qc6 35. Rb1 Nxa4 36. Qb4 Ra6 37. Ra1 Nc5 38. Rxa6 Nxa6 39. Qa3 Nc5 40. Be2 Kh6 41. Qa7 Qb7 42. Qa3 Qa6 43. Qb2 Na4 44. Qd2+ Kg7 45. Qg5 Qb7 46. Bxh5 Qf7 47. Be2 Nc3 48. Qd2 b5 49. cxb5 Nxb5 50. Bg4 Nc3 51. h4 d5 52. Qg5 dxe4 53. Qxe5+ Qf6 54. Qc7+ Kh6 55. dxe4 Nxe4 56. Qc1+ Kg7 57. Qe1 Qe5 58. Kg2 Qd5 59. Bf3 Qa2+ 60. Kg1 Nc3 61. Qe7+ Qf7 62. Qe5+ Qf6 63. Qc7+ Kh6 64. Kg2 d3 65. Qd7 Qf5 66. Qd4 Ne2 67. Qe3+ Kg7 68. Bxe2 dxe2 69. Qxe2 Qd5+ 70. Qf3 Qxf3+ 71. Kxf3 Kf6 72. Kf4 Kg7 73. Kg5 Kh7 74. h5 gxh5 75. Kxh5 Kg7 76. Kg5 Kh7 77. Kf6 Kg8 78. Kg6 Kf8 79. g4 Kg8 80. g5 Kh8 81. Kf7 Kh7 82. g6+ Kh6 83. g7 Kh7 84. g8=Q+ Kh6 85. Qg6# 1-0


[Site "https://www.chess.com"]

[Event "Titled Tuesday Blitz February 21 Early 2023"]
[White "Wadsworth, Matthew J"]
[Black "Devaev, Alexander"]
[WhiteFideId "415804"]
[BlackFideId "4169395"]
[WhiteElo "2428"]
[BlackElo "2325"]
[Result "1-0"]
[Round "03"]
[TimeControl "180+2"]
[Date "2023.02.21"]
[WhiteClock "0:00:07"]
[BlackClock "0:00:02"]

1. Nc3 d5 2. e4 c6 3. d4 dxe4 4. Nxe4 Bf5 5. Ng3 Bg6 6. Nh3 e6 7. Nf4 Bd6 8. Nfh5 Bf8 9. c3 Nf6 10. Bg5 Nbd7 11. Qd2 Qb6 12. Nxf6+ Nxf6 13. h4 Ne4 14. Nxe4 Bxe4 15. f3 Bd5 16. Bd3 c5 17. dxc5 Bxc5 18. b4 Bd6 19. a4 Bg3+ 20. Kf1 O-O 21. c4 Bc6 22. b5 Bd7 23. Be3 Qc7 24. Rd1 Rad8 25. h5 f5 26. h6 Bc8 27. f4 e5 28. hxg7 Qxg7 29. Rh3 Bxf4 30. Bxf4 exf4 31. Qxf4 Kh8 32. Kf2 Rd4 33. Qh6 Rg4 34. Qxg7+ Kxg7 35. Rdh1 Rh8 36. Be2 Rg5 37. Re3 Kf6 38. Rh6+ Rg6 39. Rh4 Be6 40. Bf3 1-0


[Site "https://www.chess.com"]

[Event "Titled Tuesday Blitz February 21 Early 2023"]
[White "Jakubowski, Krzysztof"]
[Black "Babikov, Ivan"]
[WhiteFideId "1112848"]
[BlackFideId "4161106"]
[WhiteElo "2486"]
[BlackElo "2239"]
[Result "1-0"]
[Round "03"]
[TimeControl "180+2"]
[Date "2023.02.21"]
[WhiteClock "0:00:21"]
[BlackClock "0:00:08"]

1. c4 e5 2. Nc3 Bb4 3. e3 Nf6 4. Nge2 O-O 5. a3 Be7 6. d4 d6 7. g3 Nbd7 8. Bg2 c6 9. O-O Re8 10. b4 h6 11. Bb2 Bf8 12. Qc2 Qc7 13. h3 b6 14. e4 exd4 15. Nxd4 Bb7 16. Rad1 Ne5 17. Nce2 Ba6 18. Nf5 Rad8 19. Ne3 Qe7 20. f4 Ng6 21. Nf5 Qc7 22. Nxh6+ gxh6 23. Bxf6 Be7 24. Ba1 Bf8 25. Nd4 Bc8 26. Nf5 Kh7 27. Qc3 c5 28. b5 Be6 29. g4 Qd7 30. h4 f6 31. h5 Bxf5 32. exf5 Nh4 33. Qxf6 Bg7 34. Qxg7+ Qxg7 35. Bxg7 Kxg7 36. Rfe1 Nxg2 37. Kxg2 Kf6 38. Kf3 Rxe1 39. Rxe1 d5 40. Re6+ Kg7 41. cxd5 Rxd5 42. Re7+ Kf8 43. Rxa7 c4 44. Rc7 Rxb5 45. Rxc4 Rb3+ 46. Ke4 Rg3 47. Rc8+ Ke7 48. Rc7+ Kf8 49. Rc8+ Ke7 50. Rg8 Kf7 51. Rg6 b5 52. g5 hxg5 53. fxg5 Rxa3 54. h6 b4 55. Rg7+ Kf8 56. Rb7 b3 57. h7 Ra4+ 58. Ke5 Rh4 59. Kf6 Ke8 60. Rb8+ Kd7 61. h8=Q Rxh8 62. Rxh8 Kc7 63. Rh1 b2 64. Rb1 Kd6 65. Rxb2 Kd5 66. g6 Ke4 67. g7 Kf4 68. g8=Q Kf3 69. Qc8 Ke3 70. Qc3+ Kf4 71. Rb4# 1-0


[Site "https://www.chess.com"]

[Event "Titled Tuesday Blitz February 21 Early 2023"]
[White "Kvaloy, Aksel Bu"]
[Black "Bas Mas, Jose Joaquin"]
[WhiteFideId "1528815"]
[BlackFideId "22219064"]
[WhiteElo "2321"]
[BlackElo "2197"]
[Result "1-0"]
[Round "03"]
[TimeControl "180+2"]
[Date "2023.02.21"]
[WhiteClock "0:00:40"]
[BlackClock "0:00:12"]

1. d4 e6 2. e4 d5 3. Nc3 Nf6 4. e5 Nfd7 5. f4 c5 6. Nf3 Nc6 7. Be3 Qb6 8. Qd2 a6 9. Na4 Qa7 10. dxc5 Nxc5 11. Nxc5 Bxc5 12. Bxc5 Qxc5 13. c3 b5 14. Bd3 O-O 15. Nd4 f6 16. Qe3 Nxd4 17. cxd4 Qb4+ 18. Qd2 Qxd2+ 19. Kxd2 fxe5 20. fxe5 Rf2+ 21. Be2 Bd7 22. Rhg1 Rf4 23. Kd3 Rc8 24. Rac1 Rc4 25. Rxc4 dxc4+ 26. Ke3 Rh4 27. h3 Bc6 28. Bg4 Kf7 29. a4 b4 30. g3 Rh6 31. Rc1 Bd5 32. h4 Ke7 33. Be2 g5 34. hxg5 Rh3 35. Bxc4 Bxc4 36. Rxc4 Rxg3+ 37. Kf4 Rb3 38. Rc7+ Kf8 39. Rxh7 Rxb2 40. g6 Ra2 41. Kg5 Rf2 42. Ra7 b3 43. Rxa6 b2 44. Ra8+ Kg7 45. Ra7+ Kg8 46. Rb7 Rd2 47. Kf6 1-0


[Site "https://www.chess.com"]

[Event "Titled Tuesday Blitz February 21 Early 2023"]
[White "Florescu, Codrut-Constantin"]
[Black "Gu, Xiaobing"]
[WhiteFideId "1202200"]
[BlackFideId "8602611"]
[WhiteElo "2259"]
[BlackElo "2167"]
[Result "1-0"]
[Round "03"]
[TimeControl "180+2"]
[Date "2023.02.21"]
[WhiteClock "0:00:17"]
[BlackClock "0:00:05"]

1. e4 c5 2. Nf3 d6 3. d4 cxd4 4. Nxd4 Nf6 5. Nc3 a6 6. f4 e5 7. Nf3 Nbd7 8. Bc4 Be7 9. a4 Qc7 10. Qe2 O-O 11. O-O Nc5 12. Kh1 Re8 13. fxe5 dxe5 14. Bg5 Be6 15. Bxf6 Bxf6 16. Nd5 Bxd5 17. Bxd5 Ne6 18. c4 a5 19. g3 Ra6 20. Rad1 Rb6 21. Rd2 Rb3 22. Kg2 b6 23. Rfd1 h6 24. Rd3 Rb4 25. Bxe6 fxe6 26. b3 Kh7 27. h4 h5 28. Ne1 Qf7 29. Nc2 Be7 30. Nxb4 Bxb4 31. Rf1 Qg6 32. Rd7 Bc5 33. Qf3 Rf8 34. Qd3 Rxf1 35. Kxf1 Qg4 36. Rf7 Qh3+ 37. Ke2 Qg2+ 38. Kd1 Qg1+ 39. Kc2 Qg2+ 40. Kd1 Qg1+ 41. Rf1 Qg2 42. Qf3 Qb2 43. Qxh5+ Kg8 44. Rf3 Qb1+ 45. Ke2 Qc2+ 46. Kf1 Qd1+ 47. Kg2 Qg1+ 48. Kh3 Qh1+ 49. Kg4 Qd1 50. Qf7+ Kh8 51. Qxe6 Bd4 52. Qf5 Qe2 53. h5 Qd1 54. h6 gxh6 55. Qf8+ Kh7 56. Qf7+ Kh8 57. Qg6 Be3 58. Qe8+ Kh7 59. Qf7+ Kh8 60. Kh5 Qh1+ 61. Kg6 1-0


[Site "https://www.chess.com"]

[Event "Titled Tuesday Blitz February 21 Early 2023"]
[White "Rangel, Daniel"]
[Black "Gabdrakhmanov, Azat"]
[WhiteFideId "2124475"]
[BlackFideId "34189197"]
[WhiteElo "2207"]
[BlackElo "2316"]
[Result "0-1"]
[Round "03"]
[TimeControl "180+2"]
[Date "2023.02.21"]
[WhiteClock "0:01:46"]
[BlackClock "0:01:57"]

1. c4 Nf6 2. g3 g6 3. Bg2 Bg7 4. Nc3 O-O 5. e3 d6 6. Nge2 e5 7. O-O c6 8. Rb1 Bf5 9. d3 Qd7 10. b4 Bh3 11. b5 Bxg2 12. Kxg2 h5 13. h4 Re8 14. e4 d5 15. b6 d4 16. Na4 Qd8 17. Bg5 axb6 18. Nxb6 Rxa2 19. Nc1 Ra6 20. f4 Rxb6 21. Rxb6 Qxb6 22. fxe5 Ng4 0-1


[Site "https://www.chess.com"]